 Dungeon Crawl Stone Soup version 0.28.0-53-g5a82cb258f (webtiles) character file.

Game seed: 3886444045688791741

96 Sin92 the Skirmisher (level 4, 0/35 HPs)
             Began as a Demonspawn Fighter on July 28, 2022.
             Killed from afar by Natasha (7 damage)
             ... with a magic dart
             ... on level 2 of the Dungeon.
             The game lasted 00:01:02 (2158 turns).

Sin92 the Skirmisher (Demonspawn Fighter)           Turns: 2158, Time: 00:01:03

Health: 0/35       AC:  6    Str: 18    XL:     4   Next: 41%
Magic:  4/4        EV:  9    Int: 10    God:
Gold:   29         SH:  4    Dex: 12    Spells: 3/3 levels left

rFire   . . .      SeeInvis .   a - +0 war axe
rCold   . . .      Faith    .   c - +0 buckler
rNeg    . . .      Spirit   .   b - +0 scale mail
rPois   .          Reflect  .   (no helmet)
rElec   .          Harm     .   (no cloak)
rCorr   +          Rampage  .   (no gloves)
Will    .....                   (no boots)
Stlth   ..........              (no amulet)
HPRegen 0.11/turn               e - ring of resist corrosion
MPRegen 0.09/turn               (no ring)

@: slowed, very slow
A: foul stench 2
a: no special abilities


You were on level 2 of the Dungeon.
You visited 1 branch of the dungeon, and saw 2 of its levels.

You collected 29 gold pieces.

Inventory:

Hand Weapons
 a - a +0 war axe (weapon)
Armour
 b - a +0 scale mail (worn)
 c - a +0 buckler (worn)
Jewellery
 e - a ring of resist corrosion (left hand)
Scrolls
 g - a scroll of identify {unknown}
 h - 3 scrolls of teleportation {unknown}
Potions
 d - a potion of might
 f - a potion of lignification {unknown}
 i - a potion of brilliance {unknown}


   Skills:
 + Level 3.5 Fighting
 * Level 3.0 Axes
 + Level 3.2 Armour
 + Level 3.2 Shields


You had 3 spell levels left.
You didn't know any spells.
Your spell library was empty.

Dungeon Overview and Level Annotations

Branches:
Dungeon (2/15)

Altars:

Annotations:
D:2 Natasha


Innate Abilities, Weirdness & Mutations

You sometimes emit foul miasma when damaged in melee.


Message History

You hit Natasha.
Natasha is moderately wounded.
Natasha zaps a wand.
The puff of flame hits you!
Natasha is nearby!
Unknown command.
You hit Natasha.
Natasha is heavily wounded.
Natasha closely misses you. Natasha casts a spell at you.
You feel yourself slow down.
Natasha is nearby!
Unknown command.
You barely miss Natasha.
Natasha is heavily wounded.
Natasha claws you.
Natasha zaps a wand.
The puff of flame hits you!
Natasha is nearby!
Unknown command.
You completely miss Natasha.
Natasha is heavily wounded.
Natasha claws you. Natasha claws you!
Natasha is nearby!
You are too injured to fight recklessly!
Unknown command.
Natasha is nearby!
You are too injured to fight recklessly!
Unknown command.
You are too injured to fight recklessly!
Natasha is nearby!
Unknown command.
You are too injured to fight recklessly!
You barely miss Natasha.
Natasha is heavily wounded.
Natasha claws you.
* * * LOW HITPOINT WARNING * * *
You block Natasha's attack.
You closely miss Natasha.
Natasha is heavily wounded.
Natasha casts a spell at you. The magic dart hits you!
You die...

####.......#.........##.....####.
####.....###.....................
........## #.....................
######..# #.....................
........####...........†.†.......
##...............................
#....#####.#####..#.............
##....###.......h................
..........#.###.@.......#........
.###..........#.........#########
..............#.........
.###..........#......###
..............####.#
###......#...... .#
#......#...... # #....###......
......


You could see Natasha.

Vanquished Creatures
  Natasha (twice) (D:2)
  A dart slug (D:1)
  3 ball pythons (D:1)
  5 endoplasms (D:1)
  5 giant cockroaches
  3 goblins
  9 hobgoblins
  4 quokkas
  A frilled lizard (D:1)
  3 kobolds (D:1)
  A rat (D:2)
37 creatures vanquished.

Notes
Turn   | Place    | Note
-------+----------+-------------------------------------------
     0 | D:1      | Sin92 the Demonspawn Fighter began the quest for the Orb.
     0 | D:1      | Reached XP level 1. HP: 18/18 MP: 1/1
   483 | D:1      | Gained mutation: You may rarely emit foul miasma when
                  | damaged in melee. [demonic ancestry]
   483 | D:1      | Reached XP level 2. HP: 18/24 MP: 2/2
   933 | D:1      | Found a faded altar of an unknown god.
  1063 | D:1      | Gained mutation: You sometimes emit foul miasma when
                  | damaged in melee. [demonic ancestry]
  1063 | D:1      | Reached XP level 3. HP: 15/29 MP: 3/3
  1680 | D:2      | Noticed Natasha
  1689 | D:2      | Killed Natasha
  2034 | D:2      | Reached XP level 4. HP: 35/35 MP: 4/4
  2036 | D:2      | Noticed Natasha
  2041 | D:2      | Killed Natasha
  2151 | D:2      | Noticed Natasha
  2158 | D:2      | Killed from afar by Natasha

Illustrated notes

Levels and vault maps discovered:
D:1:      psy_arrival_spokes, layout_loops_ring,
          hellmonk_ecumenical_altar_inner_sanctum
D:2:      layout_basic, uniq_sigmund, uniq_natasha

Skill      XL: |  1  2  3  4 |
---------------+-------------+-----
Axes           | 2 3 |  3.0
Armour         | 3 |  3.2
Shields        | 3 |  3.2
Fighting       | |  3.5

Action                   |  1- 3 |  4- 6 || total
-------------------------+-------+-------++-------
Melee: War axe           |    95 |    11 ||   106
Armor: Scale mail        |    39 |       ||    39
Dodge: Dodged            |    24 |     3 ||    27
Block: Buckler           |    22 |     3 ||    25
